 Dungeon Crawl Stone Soup version 0.30-a0-782-ge64f9170bb (webtiles) character file.

Game seed: 12084551864615370023

238 funkygono the Slasher (level 5, -9/47 HPs)
             Began as a Minotaur Fighter on Mar 12, 2023.
             Mangled by a gnoll
             ... wielding a +6 flail
              (11 damage)
             ... on level 4 of the Dungeon.
             The game lasted 00:03:44 (2204 turns).

funkygono the Slasher (Minotaur Fighter)            Turns: 2204, Time: 00:03:44

Health: -9/47      AC:  9    Str: 22    XL:     5   Next: 78%
Magic:  4/4        EV:  7    Int:  5    God:
Gold:   265        SH:  4    Dex: 10    Spells: 4/4 levels left

rFire   . . .      SeeInvis .    a - +0 long sword
rCold   . . .      Faith    .    c - +0 buckler
rNeg    . . .      Spirit   .    n - +0 chain mail
rPois   .          Reflect  .    (helmet restricted)
rElec   .          Harm     .    (no cloak)
rCorr   .          Rampage  .    (no gloves)
Will    .....                    (no boots) Stlth
                                 h - amulet of regeneration
HPRegen 1.07/turn                (no ring)
MPRegen 0.09/turn                (no ring)

@: no status effects
A: horns 2, retaliatory headbutt
a: no special abilities


You were on level 4 of the Dungeon.
You visited 1 branch of the dungeon, and saw 4 of its levels.

You collected 265 gold pieces.

Inventory:

Hand Weapons
 a - a +0 long sword (weapon)
Armour
 c - a +0 buckler (worn)
 n - a +0 chain mail (worn)
 s - a +2 leather armour of poison resistance
Jewellery
 h - an amulet of regeneration (around neck)
Wands
 r - a wand of flame (8)
Scrolls
 b - 2 scrolls of magic mapping {unknown}
 g - 8 scrolls of identify {unknown}
 j - a scroll of brand weapon {unknown}
 k - a scroll of fog {unknown}
 m - a scroll of torment {unknown}
 o - a scroll of vulnerability {unknown}
 q - a scroll of amnesia {unknown}
Potions
 d - a potion of might
 e - 3 potions of degeneration {unknown}
 f - a potion of mutation {unknown}
 i - 2 potions of attraction {unknown}
 l - a potion of berserk rage {unknown}
 p - 3 potions of curing {unknown}


   Skills:
 + Level 4.5 Fighting
 + Level 5.4 Long Blades
 + Level 4.5 Armour
 + Level 1.0 Dodging
 + Level 0.1 Stealth
 + Level 4.4 Shields


You had 4 spell levels left.
You didn't know any spells.
Your spell library contained the following spells:

 Spells                   Type           Power      Damage    Failure   Level
 Summon Small Mammal      Summ           0%         N/A       99%         1
 Call Canine Familiar     Summ           0%         N/A       100%        3
 Summon Guardian Golem    Hex/Summ       0%         N/A       100%        3


Dungeon Overview and Level Annotations

Branches:
Dungeon (4/15)
 Temple: D:4-7

Altars:
Cheibriados


Innate Abilities, Weirdness & Mutations

You have a pair of horns on your head.
You reflexively headbutt those who attack you in melee.


Message History

Your headbutt misses the gnoll. The gnoll hits you with a +0 club.
You slash the gnoll!
The gnoll is heavily wounded.
The gnoll hits you with a +0 club.
You slash the gnoll!
You kill the gnoll!
You block the gnoll's attack.
You barely miss the gnoll. The gnoll hits you but does no damage.
The gnoll barely misses you. The gnoll hits you but does no damage.
The gnoll hits you with a +6 flail.
Things that are here:
a +0 club; a gnoll corpse You slash the gnoll!
The gnoll is severely wounded.
The gnoll hits you with a +0 halberd! The gnoll hits you with a +0 whip.
The gnoll hits you with a +6 flail.
You closely miss the gnoll.
The gnoll is severely wounded.
The gnoll hits you with a +0 halberd. The gnoll hits you with a +6 flail.
The gnoll hits you with a +0 whip.
You hit the gnoll. You headbutt the gnoll.
You kill the gnoll!
The gnoll hits you with a +6 flail. The gnoll hits you with a +0 whip.
* * * LOW HITPOINT WARNING * * *
You completely miss the gnoll. Your headbutt misses the gnoll.
You block the gnoll's attack. The gnoll completely misses you.
You hit the gnoll.
The gnoll is moderately wounded.
The gnoll hits you with a +0 whip.
* * * LOW HITPOINT WARNING * * *
The gnoll hits you with a +6 flail!
* * * LOW HITPOINT WARNING * * *
You completely miss the gnoll.
You headbutt the gnoll, but do no damage.
The gnoll is moderately wounded.
The gnoll barely misses you. You block the gnoll's attack.
The gnoll hits you with a +0 whip.
* * * LOW HITPOINT WARNING * * *
The gnoll hits you with a +6 flail!
You die...

'....# #....# #....#
##....# #.....#
#.....# #..)..#
#..@g.# ..# #.g...#
..+ ...#.....# ..#
#..##....#
..#########..##....#
..##...............#
..##...............#
.........>.........#
...................#


You could see 2 gnolls.

Vanquished Creatures
  A hound (D:4)
  Ijyb (D:3)
  Terence (D:3)
  3 adders
  6 gnolls
  A worm (D:3)
  A dart slug (D:3)
  7 orcs
  6 endoplasms
  4 giant cockroaches
  5 goblins
  5 hobgoblins
  6 ball pythons
  3 bats
  6 frilled lizards
  8 kobolds
  2 rats
66 creatures vanquished.

Notes
Turn   | Place    | Note
-------+----------+-------------------------------------------
     0 | D:1      | funkygono the Minotaur Fighter began the quest for the Orb.
     0 | D:1      | Reached XP level 1. HP: 19/19 MP: 0/0
   180 | D:1      | Reached XP level 2. HP: 27/27 MP: 1/1
   341 | D:1      | Found a faded altar of an unknown god.
   971 | D:2      | Reached skill level 3 in Long Blades
   971 | D:2      | Reached XP level 3. HP: 25/33 MP: 2/2
  1389 | D:2      | Reached XP level 4. HP: 40/40 MP: 3/3
  1464 | D:3      | Found a snail-covered altar of Cheibriados.
  1549 | D:3      | Noticed Ijyb
  1583 | D:3      | Killed Ijyb
  1584 | D:3      | Reached skill level 4 in Long Blades
  1584 | D:3      | Reached skill level 1 in Dodging
  1609 | D:3      | Noticed Terence
  1620 | D:3      | Killed Terence
  1621 | D:3      | Reached XP level 5. HP: 19/47 MP: 4/4
  2038 | D:4      | Found the +27 heavy crossbow "Sniper" {heavy, Acc+∞ SInv}
  2105 | D:4      | Reached skill level 5 in Long Blades
  2204 | D:4      | HP: 2/47 [gnoll/+0 whip (4)]
  2204 | D:4      | Mangled by a gnoll

Illustrated notes

Levels and vault maps discovered:
D:1:      co_arrival_square_in_a_square_in_a_square, layout_basic,
          shapermc_ecumenical_altar_mp_vishouse
D:2:      layout_rooms, minmay_misc_feat_x
D:3:      layout_rooms, mainiacjoe_overflow_alcove_1, minmay_quadrilaterals,
          uniq_ijyb, uniq_terence
D:4:      layout_gridville, mainiacjoe_overflow_divided_tiny

Skill      XL: |  1  2  3  4  5 |
---------------+----------------+-----
Shields        | 4 |  4.4
Fighting       | 4 |  4.5
Armour         | 4 |  4.5
Long Blades    | 3 4 5 |  5.4
Dodging        | 1 |  1.0
Stealth        | |  0.1

Action                     |  1- 3 |  4- 6 || total
---------------------------+-------+-------++-------
  Melee: Long sword        |    86 |    93 ||   179
         Headbutt          |    10 |    12 ||    22
 Armour: Scale mail        |    25 |       ||    25
         Chain mail        |     4 |    52 ||    56
  Dodge: Dodged            |    42 |    24 ||    66
  Block: Buckler           |    22 |    21 ||    43

Table legend: (Time is in decaauts)
 A = Elapsed time spent in this place.
 B = Non-inter-level travel time spent in this place.
 C = Inter-level travel time spent in this place.
 D = Time resting spent in this place.
 E = Time spent auto-exploring this place.
 F = Levels seen in this place.
 G = Mean time per level.
                   A        B        C        D        E       F      G
               +--------+--------+--------+--------+--------+-----+--------+
         Total |   2251 |   2150 |    101 |      0 |   1637 |   4 |  562.8 |
       Dungeon |   2251 |   2150 |    101 |      0 |   1637 |   4 |  562.8 |
               +--------+--------+--------+--------+--------+-----+--------+

Top non-repeatable levels by time:
     D:1: 850 daAuts
     D:3: 614 daAuts
     D:2: 568 daAuts
     D:4: 217 daAuts
